 Dungeon Crawl Stone Soup version 0.31-a0-187-gba352fbbf7 (webtiles) character file.

Game seed: 16659913493209006932

21 qw the Shooter (level 2, -1/16 HPs)
             Began as a Deep Elf Hunter on June 22, 2023.
             Slain by an adder (2 damage)
             ... on level 2 of the Dungeon.
             The game lasted 00:00:13 (525 turns).

qw the Shooter (Deep Elf Hunter)                     Turns: 525, Time: 00:00:14

Health: -1/16      AC:  5    Str:  8    XL:     2   Next: 65%
Magic:  4/4        EV: 10    Int: 13    God:
Gold:   8          SH:  0    Dex: 18    Spells: 1/1 levels left

rFire   + . .        Y - +0 shortbow (flame)
rCold   + . .        (shield currently unavailable)
rNeg    . . .        d - +0 ring mail
rPois   .            (no helmet)
rElec   .            g - scarf {rC+ rF+}
rCorr   .            (no gloves)
SInv    .            (no boots)
Will    .....        (no amulet)
Stlth   +            (no ring)
HPRegen 0.22/turn    (no ring)
MPRegen 0.09/turn

%: no passive effects
@: lethally poisoned (-1 -> -9)
A: no striking features
a: no special abilities


You were on level 2 of the Dungeon.
You visited 1 branch of the dungeon, and saw 2 of its levels.

You collected 8 gold pieces.


   Skills:
 - Level 1.5 Fighting
 + Level 6.4 Ranged Weapons
 - Level 2.4 Dodging
 - Level 1.2 Stealth


You had one spell level left.
You didn't know any spells.
Your spell library was empty.

Inventory:

Hand Weapons
 Y - a +0 shortbow of flaming (weapon)
Armour
 d - a +0 ring mail (worn)
 g - a scarf of resistance (worn)
Potions
 f - 2 potions of haste {unknown}

Dungeon Overview and Level Annotations

Branches:
Dungeon (2/15)

Altars:


Message History

You shoot an arrow.
The arrow hits the hobgoblin but does no damage.
The hobgoblin is moderately wounded.
You shoot an arrow.
The arrow completely misses the hobgoblin.
The hobgoblin hits you but does no damage.
The hobgoblin barely misses you.
You shoot an arrow. The arrow hits the hobgoblin!
The arrow burns the hobgoblin.
You kill the hobgoblin!
There is an open door here.
As you open the door, it creaks loudly!
There is an open door here.
An adder comes into view.
Enter note: You shoot an arrow.
The adder hisses angrily.
The arrow hits the adder.
The arrow burns the adder.
The adder is lightly wounded.
You shoot an arrow.
The arrow hits the adder but does no damage.
The adder is lightly wounded.
You shoot an arrow. The arrow closely misses the adder.
You shoot an arrow. The arrow hits the adder.
The arrow burns the adder.
The adder is heavily wounded.
You shoot an arrow. The arrow barely misses the adder.
The adder barely misses you. The adder bites you.
You are poisoned.
The adder poisons you!
You shoot an arrow. The arrow barely misses the adder.
You feel sick. The adder bites you but does no damage. The adder bites you.
You are more poisoned.
The adder poisons you!
You shoot an arrow. The arrow closely misses the adder.
You feel sick. The adder bites you.
You are more poisoned.
The adder poisons you!
You shoot an arrow. The arrow barely misses the adder.
You feel very sick. The adder bites you.
You die...

##. .. . .. ..# #.
....#.# .##....##
........
........#######+#.......
......S@................
##+#######'#####........
#.....###........
##.....##........
##.....#........
##....#........
##...'..###...
##..#........
##.#..###.##


You could see an adder.

Vanquished Creatures
  2 bats (D:1)
  3 endoplasms
  4 hobgoblins
  A jackal (D:2)
  2 kobolds
  A quokka (D:1)
  A ball python (D:1)
  2 frilled lizards (D:1)
  2 goblins (D:1)
18 creatures vanquished.

Notes
Turn   | Place    | Note
-------+----------+-------------------------------------------
     0 | D:1      | qw the Deep Elf Hunter began the quest for the Orb.
     0 | D:1      | Reached XP level 1. HP: 12/12 MP: 3/3
     0 | D:1      | 0 ||| qw: Version: 0.3-a-9-g12657ce
     0 | D:1      | 0 ||| qw: Game counter: 2107
     0 | D:1      | 0 ||| qw: Always use a shield: true
     0 | D:1      | 0 ||| qw: God list: Okawaru
     0 | D:1      | 0 ||| qw: Allow faded altars: false
     0 | D:1      | 0 ||| qw: Do Orc after D:15 true
     0 | D:1      | 0 ||| qw: Do second Lair branch before Depths: true
     0 | D:1      | 0 ||| qw: Lair rune preference: random
     0 | D:1      | 0 ||| qw: Plans: Normal
     0 | D:1      | 0 ||| PLANNING D:1-11
   181 | D:1      | Reached XP level 2. HP: 16/16 MP: 4/4
   185 | D:1      | Reached skill level 6 in Ranged Weapons
   416 | D:1      | 416 ||| UPGRADING to +0 ring mail.
   426 | D:1      | 426 ||| DROPPING +0 leather armour.
   427 | D:1      | 427 ||| UPGRADING to scarf of resistance.
   432 | D:1      | 432 ||| READING scroll labelled ANTECH RICK.
   433 | D:1      | 433 ||| READING scroll labelled OLOACL NOCHUTO.
   434 | D:1      | 434 ||| READING scroll labelled PAIDWIUKOJ.
   437 | D:1      | 437 ||| DROPPING scroll of butterflies.
   524 | D:2      | HP: 4/16 [adder (2)]
   525 | D:2      | HP: 1/16 [poisoned by an adder]
   525 | D:2      | Slain by an adder

Levels and vault maps discovered:
D:1:      dpeg_arrival_central, layout_rooms
D:2:      layout_basic, basic_altar, minmay_quadrilaterals

Skill      XL: |  1  2 |
---------------+-------+-----
Ranged Weapons | 6 |  6.4
Fighting       | |  1.5
Dodging        | |  2.4
Stealth        | |  1.2

Action                     || total
---------------------------++-------
   Fire: Shortbow          ||    53
    Use: Scroll            ||     3
 Armour: Ring mail         ||     2
         Leather armour    ||     1
  Dodge: Dodged            ||     5

Table legend:
 A = Non-vault XP
 B = Vault XP
 C = Vault XP percentage of total XP
 D = Non-vault monster count
 E = Vault monster count
 F = Vault count percentage of total count
                 A         B        C        D         E       F
            +---------+---------+-------+---------+---------+-------
      Total |      29 |       2 |   6.5 |      17 |       1 |   5.6
            +---------+---------+-------+---------+---------+-------
        D:1 |      18 |       0 |   0.0 |      11 |       0 |   0.0
        D:2 |      11 |       2 |  15.4 |       6 |       1 |  14.3
            +---------+---------+-------+---------+---------+-------
